 Dungeon Crawl Stone Soup version 0.24.0-13-gcf9b3192b9 (console) character file.

Game seed: 3161565037749047753, levelgen mode: deterministic

76 AlterAsc the Changer (level 4, 1/28 HPs)
             Began as an Octopode Transmuter on Nov 8, 2019.
             Quit the game on level 3 of the Dungeon.
             The game lasted 00:09:32 (2737 turns).

AlterAsc the Changer (Octopode Transmuter)          Turns: 2737, Time: 00:09:33

Health: 1/28       AC:  1    Str: 10    XL:     4   Next: 32%
Magic:  2/8        EV: 13    Int: 15    God:
Gold:   71         SH:  0    Dex: 12    Spells: 2/8 levels left

rFire    . . .     SeeInvis .     - Unarmed
rCold    . . .     Gourm    .   (no shield)
rNeg     . . .     Faith    .   (helmet restricted)
rPois    .         Spirit   .   (no amulet)
rElec    .         Reflect  .   (no ring)
rCorr    .         Harm     .   (no ring)
MR       .....                  (no ring)
Stlth    +++.......             (no ring)
HPRegen  0.09/turn              (no ring)
MPRegen  0.11/turn              (no ring)
                                (no ring)
                                (no ring)

@: lethally poisoned (1 -> -1), very slightly contaminated
A: almost no armour, stealthy swim, amphibious, 8 rings, constrict 8, camouflage
1, gelatinous body 1
a: no special abilities


You were on level 3 of the Dungeon.
You were not hungry.

You visited 1 branch of the dungeon, and saw 3 of its levels.

You collected 71 gold pieces.

Inventory:

Missiles
 a - 78 arrows
Scrolls
 b - 2 scrolls of teleportation
 d - a scroll of identify
 e - a scroll of magic mapping
 g - 2 scrolls of remove curse
Comestibles
 c - 4 rations


   Skills:
 - Level 1.0 Fighting
 - Level 2.0 Dodging
 - Level 3.0 Unarmed Combat
 + Level 2.8 Spellcasting
 * Level 3.7 Transmutations


You had 2 spell levels left.
You knew the following spells:

 Your Spells              Type           Power        Failure   Level  Hunger
a - Beastly Appendage     Tmut           ##....       4%          1    #......
b - Sticks to Snakes      Tmut           ##......     7%          2    ##.....
c - Spider Form           Tmut/Pois      #.........   28%         3    ###....

Your spell library contained the following spells:

 Spells                   Type           Power        Failure   Level  Hunger
 Ice Form                 Ice/Tmut       #.......     67%         4    #####..
 Blade Hands              Tmut           ##........   77%         5    ######.


Dungeon Overview and Level Annotations

Branches:
Dungeon (3/15)

Altars:
Cheibriados
Elyvilon
Qazlal


Innate Abilities, Weirdness & Mutations

You cannot wear most types of armour.
You are very stealthy in the water. (Stealth+)
You are amphibious.
You can wear up to eight rings at the same time.
You can use your tentacles to constrict eight enemies at once.
Your skin changes colour to match your surroundings (Stealth+).
Your rubbery body absorbs attacks. (AC +1, EV +1)


Message History

* * * LOW HITPOINT WARNING * * *
You feel sick.
* * * LOW HITPOINT WARNING * * *
You feel sick.
* * * LOW HITPOINT WARNING * * *
You feel sick.
Casting: Beastly Appendage (safe; 4% risk of failure)
Confirm with . or Enter, or press ? or * to list all spells.
You miscast Spider Form.
You are very lightly contaminated with residual magic.
You feel slightly ill.
Casting: Spider Form (safe; 28% risk of failure)
Confirm with . or Enter, or press ? or * to list all spells.
You miscast Spider Form.
The air around you crackles with energy!
* * * LOW HITPOINT WARNING * * *
You feel sick.
Are you sure you want to abandon this character and quit the game? (Confirm with "yes".)
Okay, then.
Are you sure you want to abandon this character and quit the game? (Confirm with "yes".)

*,***,* *,,,, ****########## *,*
*,* *,*,* *,,,,.....(..######,*
*,****,,,,
*,***##...........#,***,,,,,,_,,
*,* #......≈....,,,,*******,,,,
*,* #..≈.≈≈≈≈≈,,**,,,,,,,,,,*,*
*,* #.≈≈#≈#≈####**,**********,*
*,* #.≈≈≈≈≈≈≈≈≈#**,** *,* *,*
#.########@#*,,,*** *,*
#.####)#≈#≈≈≈≈≈≈#,,,,,,*******,,
#......#≈#≈#≈####*,,,*,**,,,,,,,
#.####.#≈*≈#≈≈≈≈**,,,*,**,****,,
*,* #.#≈*≈*≈**≈*,,,,,,,,,,,,,,*
*,* #.#≈*≈*≈≈*≈*,,,,,,**,******
*,* #.#≈*≈**≈*≈*,,,,,,,,,,,,,,*
*,* #.#≈≈≈**≈*≈*,<,,,,,,,******
*,* #.#**≈*∩≈*≈**,,,,*,*** *


There were no monsters in sight!

Vanquished Creatures
  A river rat (D:3)
  2 adders
  5 worms (D:2)
  A dart slug (D:1)
  A leopard gecko (D:1)
  A ball python (D:1)
  3 bats
  7 hobgoblins
  A frilled lizard (D:1)
  2 goblins
  9 kobolds
  5 rats
38 creatures vanquished.

Notes
Turn   | Place    | Note
-------+----------+-------------------------------------------
     0 | D:1      | AlterAsc the Octopode Transmuter began the quest for the
                  | Orb.
     0 | D:1      | Reached XP level 1. HP: 13/13 MP: 3/3
   294 | D:1      | Reached XP level 2. HP: 18/18 MP: 5/5
   299 | D:1      | Learned a level 2 spell: Sticks to Snakes
   984 | D:2      | Reached XP level 3. HP: 11/23 MP: 4/6
  1258 | D:2      | Found a white marble altar of Elyvilon.
  1642 | D:2      | HP: 1/23 [kobold/stone (2)]
  2293 | D:2      | Found a stormy altar of Qazlal.
  2294 | D:2      | Found a snail-covered altar of Cheibriados.
  2695 | D:3      | Learned a level 3 spell: Spider Form
  2711 | D:3      | Reached XP level 4. HP: 21/28 MP: 8/8
  2734 | D:3      | HP: 1/28 [poisoned by an adder]
  2737 | D:3      | Quit the game

Levels and vault maps discovered:
D:1:      minmay_arrival_checkered_box, layout_basic
D:2:      layout_rooms, gammafunk_temple_overflow_wave, elyvilon_altar_4
D:3:      layout_loops_ring, led_sif_pool, overflow_temple_1_default,
          first_ration, lightli_sewer_entry_pipes,
          wander_ebering_terrifying_dragon_lair

Skill      XL: |  1  2  3 |
---------------+----------+-----
Transmutations | 3 |  3.7
Fighting       | |  1.0
Dodging        | |  2.0
Unarmed Combat | |  3.0
Spellcasting   | |  2.8

Action                   |  1- 3 |  4- 6 || total
-------------------------+-------+-------++-------
Melee: Unarmed           |    91 |     7 ||    98
       Constrict         |    28 |       ||    28
       Tentacles         |    17 |     1 ||    18
       Kick              |    15 |       ||    15
       Punch             |     2 |       ||     2
 Cast: Beastly Appendage |    23 |       ||    23
       Sticks to Snakes  |     4 |       ||     4
  Use: Scroll            |     4 |       ||     4
 Stab: Sleeping          |     4 |       ||     4
  Eat: Chunk             |     6 |       ||     6
Armor: Skin              |     4 |       ||     4
Dodge: Dodged            |    64 |     3 ||    67
